 Dungeon Crawl Stone Soup version 0.19.4 (webtiles) character file.

95 markt42 the Chopper (level 4, -1/60 HPs)
             Began as a Hill Orc Fighter on Feb 5, 2017.
             Succumbed to Terence's poison
             ... on level 2 of the Dungeon.
             The game lasted 00:01:10 (1293 turns).

markt42 the Chopper (Hill Orc Fighter)              Turns: 1293, Time: 00:01:10

Health: -1/60      AC:  7    Str: 23    XL:     4   Next: 65%
Magic:  4/4        EV:  7    Int:  8    God:
Gold:   62         SH:  9    Dex: 11    Spells: 0 memorised, 3 levels left

rFire  . . .     SeeInvis .     a - +0 war axe
rCold  . . .     Gourm    .     b - +0 scale mail
rNeg   . . .     Faith    .     c - +0 shield
rPois  .         Spirit   .     (no helmet)
rElec  .         Reflect  .     (no cloak)
rCorr  .         Harm     .     (no gloves)
MR     .....                    (no boots)
Stlth  ..........               (no amulet)
                                (no ring)
                                (no ring)

@: berserking (expiring), lethally poisoned (-1 -> -31), very quick
A: no striking features
a: no special abilities


You were on level 2 of the Dungeon.
You were hungry.

You visited 1 branch of the dungeon, and saw 2 of its levels.

You collected 62 gold pieces.

Inventory:

Hand Weapons
 a - a +0 war axe (weapon)
Armour
 b - a +0 scale mail (worn)
 c - a +0 shield (worn)
Wands
 v - a wand of slowing (22/48)
Scrolls
 e - a scroll of fog {unknown}
 h - 2 scrolls of identify {unknown}
 i - 2 scrolls of recharging {unknown}
 j - 3 scrolls of immolation {unknown}
 l - a scroll of blinking {unknown}
 t - a scroll of remove curse {unknown}
Potions
 d - a potion of might
 k - 2 potions of flight {unknown}
 m - a potion of invisibility {unknown}
 o - a potion of agility {unknown}
 q - a potion of haste {unknown}
 r - a potion of beneficial mutation {unknown}
 s - a potion of magic {unknown}
Comestibles
 f - 3 bread rations
 n - a royal jelly
 p - a meat ration
 u - a chunk of flesh


   Skills:
 * Level 4.1 Fighting
 * Level 4.7 Axes
 + Level 4.0 Armour
 + Level 0.2 Dodging
 + Level 3.6 Shields


You had 3 spell levels left.
You didn't know any spells.

Dungeon Overview and Level Annotations

Branches:
Dungeon (2/15)

Altars:


Message History

* * * LOW HITPOINT WARNING * * *
You feel sick. Terence barely misses you.
You hit Terence but do no damage.
Terence is almost dead.
* * * LOW HITPOINT WARNING * * *
You feel sick.
Terence hits you with a trident of venom.
* * * LOW HITPOINT WARNING * * *
You are more poisoned.
You hit Terence.
You kill Terence!
Your Armour skill increases to level 4!
* * * LOW HITPOINT WARNING * * *
You feel very sick.
You are too berserk!
You are too berserk!
Unknown command.
Eat a chunk of flesh? (ye/n/q)
You start eating the chunk of flesh.
You die...

#########
.......####
##.........
###
###..........
#..
........)....
#.#
#......###.
#.#
##.....##..
#)# ##.#..##..
#@#
#####......#..
#.#
...#.........
####.#
###.........##
#....#
#...........#
#.####
.#........##
#.#.#
...#.....##
#.#.#
#.###.....#
#.#.# #.#
#.###.####
#.#.# #.# #.#
#.##..


There were no monsters in sight!

Vanquished Creatures
  Terence (D:2)
  2 adders (D:2)
  An ooze (D:1)
  A worm (D:2)
  A dart slug (D:2)
  4 leopard geckos
  A bat (D:1)
  A giant cockroach (D:1)
  4 goblins (D:1)
  6 hobgoblins
  3 jackals (D:1)
  2 quokkas (D:2)
  3 frilled lizards
  4 kobolds (D:2)
  5 rats
39 creatures vanquished.

Notes
Turn   | Place    | Note
-------+----------+-------------------------------------------
     0 | D:1      | markt42 the Hill Orc Fighter began the quest for the Orb.
     0 | D:1      | Reached XP level 1. HP: 19/19 MP: 1/1
   103 | D:1      | Reached XP level 2. HP: 20/27 MP: 2/2
   520 | D:1      | Reached XP level 3. HP: 33/33 MP: 3/3
  1107 | D:2      | Reached XP level 4. HP: 37/40 MP: 4/4
  1273 | D:2      | Noticed Terence
  1291 | D:2      | HP: 3/60 [Terence/trident of venom (5)]
  1292 | D:2      | Killed Terence
  1292 | D:2      | HP: 1/60 [poisoned by Terence]
  1293 | D:2      | Succumbed to Terence's poison

Skill      XL: |  1  2  3  4 |
---------------+-------------+-----
Axes           | 3 4 |  4.7
Fighting       | 4 |  4.1
Armour         | 4 |  4.0
Dodging        | |  0.2
Shields        | |  3.6

Action                   |  1- 3 |  4- 6 || total
-------------------------+-------+-------++-------
Melee: War axe           |   124 |    20 ||   144
  Use: Potion            |       |     1 ||     1
  Eat: Chunk             |       |     1 ||     1
Armor: Scale mail        |    39 |     5 ||    44
Dodge: Dodged            |    41 |     5 ||    46
Block: Shield            |    59 |     6 ||    65
